 Dungeon Sprint DCSS version 0.26-a0-710-g95a0c6c400 (webtiles) character file.

Game seed: 161289528613072711

6952 mhtbhm the Bludgeoner (level 10, -3/108 HPs)
             Began as a Palentonga Berserker on Oct 30, 2020.
             Was the Champion of Trog.
             Slain by an ettin
             ... wielding a +0 dire flail
              (8 damage)
             ... in the Dungeon (Sprint IX: "|||||||||||||||||||||||||||||").
             The game lasted 00:03:08 (1582 turns).

mhtbhm the Bludgeoner (Palentonga Berserker)        Turns: 1582, Time: 00:03:09

Health: -3/108     AC: 32    Str: 27    XL:     10   Next: 80%
Magic:  10/10      EV: 10    Int: 10    God:    Trog [******]
Gold:   17         SH:  0    Dex: 10    Spells: 9/9 levels left

rFire    . . .     SeeInvis +   a - +2 dire flail (protect)
rCold    + . .     Faith    .   (shield currently unavailable)
rNeg     . . .     Spirit   .   b - +2 ring mail {rC+}
rPois    .         Reflect  .   l - +0 helmet
rElec    .         Harm     .   r - +0 cloak
rCorr    .         Rampage  .   s - +0 pair of gloves
MR       .....     NoTele   +   t - +0 barding
Stlth    ++........             (no amulet)
HPRegen  0.28/turn              m - +3 ring of strength
MPRegen  0.12/turn              n - +3 ring of intelligence

@: protection aura, berserk cooldown, slowed, very slow
A: large, rugged brown scales 3, see invisible, deformed body, roll, armoured
tail, reflexive curl
a: Rolling Charge, Berserk, Trog's Hand, Brothers in Arms, Renounce Religion


You were in the Dungeon.
You worshipped Trog.
Trog was exalted by your worship.
You visited 1 branch You collected 17 gold pieces.

Inventory:

Hand Weapons
 a - a +2 dire flail of protection (weapon)
Armour
 b - a +2 ring mail of cold resistance (worn)
 l - a +0 helmet (worn)
 r - a +0 cloak (worn)
 s - a +0 pair of gloves (worn)
 t - a +0 barding (worn)
Jewellery
 m - a +3 ring of strength (left hand)
 n - a +3 ring of intelligence (right hand)
Wands
 k - a wand of acid (9)
 u - a wand of digging (9)
Scrolls
 h - 7 scrolls of blinking
 j - 4 scrolls of remove curse
 p - 2 scrolls of identify
 q - a scroll of immolation
Potions
 c - 6 potions of curing
 d - 2 potions of heal wounds
 e - a potion of haste
 f - 4 potions of magic
 g - 2 potions of berserk rage
 i - a potion of invisibility
 o - 3 potions of might


   Skills:
 + Level 13.4 Fighting
 + Level 17.5 Maces & Flails
 + Level 7.0 Armour
 + Level 7.2 Dodging
 + Level 4.6 Stealth
 + Level 1.2 Evocations


You had 9 spell levels left.
You didn't know any spells.
Your spell library was empty.

Dungeon Overview and Level Annotations

Branches:
Dungeon (1/1)

Altars:
Cheibriados
Dithmenos
Elyvilon
Fedhas
Gozag
Hepliaklqana
Kikubaaqudgha
Makhleb
Nemelex Xobeh
Okawaru
Qazlal
Ru
Sif Muna
Trog
Uskayaw
Vehumet
Wu Jian
Xom
Yredelemnul
Zin
The Shining One
Beogh
Jiyva
Lugonu


Innate Abilities, Weirdness & Mutations

You are completely covered in rugged brown scales. (AC +3, +7% HP)
You have supernaturally acute eyesight. (SInv)
Armour fits poorly on your strangely shaped body.
You can roll at foes to attack.
You have a long armoured tail.
You curl defensively after being hit.


Message History

You hit the ettin. You tail-slap the ettin.
The ettin is lightly wounded.
The ettin hits you but does no damage. The ettin closely misses you.
You hit the ettin. You tail-slap the ettin!
The ettin is moderately wounded.
The ettin hits you with a +0 dire flail!! x2
You hit the ettin but do no damage. You tail-slap the ettin!
The ettin is moderately wounded.
The ettin hits you but does no damage.
The ettin hits you with a +0 dire flail!!
* * * LOW HITPOINT WARNING * * *
Unknown command.
Items here: $ ) [ †.
You feel much better. The ettin misses you.
The ettin hits you with a +0 dire flail!!
* * * LOW HITPOINT WARNING * * *
The ettin hits you with a +0 dire flail.
* * * LOW HITPOINT WARNING * * *
The ettin hits you with a +0 dire flail!
You die...

▓.▓.▓.▓.▓_▓
▓.▓.▓.▓.▓_▓
▓.▓.▓÷▓.▓_▓
▓o▓.▓†▓.▓_▓
▓.▓.▓)▓.▓_▓
▓o▓†▓.▓.▓_▓
▓o▓)▓.▓.▓_▓
▓C▓.▓.▓.▓_▓
▓@▓.▓.▓.▓'▓
▓)▓†▓)▓.▓.▓
▓)▓.▓)▓.▓.▓
▓†▓.▓[▓.▓.▓
▓)▓.▓.▓.▓.▓
▓.▓.▓.▓.▓(▓
▓.▓.▓.▓.▓'▓
▓.▓.▓.▓.▓.▓
▓.▓.▓.▓.▓.▓


You could see an ettin, an orc warrior, an orc priest and an orc.

Vanquished Creatures
  A hydra (D)
  Erica (D)
  3 lindwurms (D)
  A black mamba (D)
  3 cane toads (D)
  A troll (D)
  2 tyrant leeches (D)
  A polar bear (D)
  2 yaks (D)
  2 wyverns (D)
  Grum (D)
  3 water moccasins (D)
  4 orc warriors (D)
  A black bear (D)
  5 wolves (D)
  A centaur (D)
  2 bullfrogs (D)
  A hound (D)
  3 orc priests (D)
  2 iguanas (D)
  An orc wizard (D)
  A worker ant (D)
  2 adders (D)
  An ufetubus (D)
  An adder zombie (D)
  A dart slug (D)
  3 worms (D)
  4 orcs (D)
  A bat (D)
  A bat skeleton (D)
  A bat zombie (D)
  A hobgoblin (D)
  A frilled lizard (D)
  A jackal zombie (D)
  A kobold (D)
  A quokka zombie (D)
62 creatures vanquished.

Notes
Turn   | Place    | Note
-------+----------+-------------------------------------------
     0 | D        | mhtbhm the Palentonga Berserker began the quest for the
                  | Orb.
     0 | D        | Reached XP level 1. HP: 20/20 MP: 1/1
    11 | D        | Reached ** piety under Trog
    80 | D        | Noticed an iguana
    84 | D        | Killed an iguana
    84 | D        | Reached skill level 5 in Maces & Flails
    84 | D        | Reached XP level 2. HP: 20/29 MP: 2/2
    84 | D        | Reached XP level 3. HP: 26/36 MP: 3/3
    90 | D        | Reached *** piety under Trog
    96 | D        | Reached skill level 5 in Fighting
   101 | D        | Found a roughly hewn altar of Beogh.
   101 | D        | Found a snail-covered altar of Cheibriados.
   101 | D        | Found a shadowy altar of Dithmenos.
   101 | D        | Found a white marble altar of Elyvilon.
   101 | D        | Found a blossoming altar of Fedhas.
   101 | D        | Found an opulent altar of Gozag.
   102 | D        | Found a hazy altar of Hepliaklqana.
   103 | D        | Found a viscous altar of Jiyva.
   104 | D        | Found an ancient bone altar of Kikubaaqudgha.
   105 | D        | Found a corrupted altar of Lugonu.
   108 | D        | Found a burning altar of Makhleb.
   109 | D        | Found a sparkling altar of Nemelex Xobeh.
   110 | D        | Found an iron altar of Okawaru.
   111 | D        | Found a stormy altar of Qazlal.
   112 | D        | Found a sacrificial altar of Ru.
   113 | D        | Found a shimmering blue altar of Sif Muna.
   114 | D        | Found a bloodstained altar of Trog.
   136 | D        | Found a hide-covered altar of Uskayaw.
   137 | D        | Found a radiant altar of Vehumet.
   138 | D        | Found an ornate altar of the Wu Jian Council.
   139 | D        | Found a shimmering altar of Xom.
   140 | D        | Found a basalt altar of Yredelemnul.
   141 | D        | Found a glowing silver altar of Zin.
   142 | D        | Found a glowing golden altar of the Shining One.
   376 | D        | Noticed a centaur
   376 | D        | Noticed an orc warrior
   376 | D        | Noticed an orc warrior
   381 | D        | Killed an orc warrior
   381 | D        | Reached **** piety under Trog
   381 | D        | Reached skill level 7 in Maces & Flails
   381 | D        | Reached XP level 4. HP: 44/47 MP: 4/4
   381 | D        | Reached XP level 5. HP: 50/53 MP: 5/5
   384 | D        | Killed an orc warrior
   384 | D        | Reached skill level 8 in Maces & Flails
   396 | D        | Killed a centaur
   396 | D        | Reached skill level 9 in Maces & Flails
   396 | D        | Reached skill level 1 in Stealth
   396 | D        | Reached XP level 6. HP: 43/65 MP: 6/6
   401 | D        | Reached ***** piety under Trog
   540 | D        | Noticed a troll
   546 | D        | Reached skill level 10 in Maces & Flails
   550 | D        | Killed a troll
   550 | D        | Reached skill level 11 in Maces & Flails
   550 | D        | Gained mutation: You curl defensively after being hit.
                  | [Palentonga growth]
   550 | D        | Reached XP level 7. HP: 73/73 MP: 7/7
   641 | D        | Found the +0 staff of Battle
   668 | D        | Noticed a yak
   668 | D        | Noticed a cane toad
   672 | D        | Noticed a cane toad
   673 | D        | Killed a cane toad
   673 | D        | Reached skill level 12 in Maces & Flails
   673 | D        | Reached skill level 5 in Dodging
   675 | D        | Noticed a cane toad
   677 | D        | Noticed a wyvern
   681 | D        | Reached ****** piety under Trog
   681 | D        | Reached skill level 5 in Armour
   681 | D        | Reached XP level 8. HP: 84/84 MP: 8/8
   719 | D        | Received a gift from Trog
   722 | D        | Reached skill level 10 in Fighting
   724 | D        | Reached skill level 13 in Maces & Flails
   727 | D        | Killed a cane toad
   730 | D        | Killed a cane toad
   730 | D        | Reached skill level 14 in Maces & Flails
   730 | D        | Reached XP level 9. HP: 92/92 MP: 9/9
   796 | D        | Got a scorched glaive {god gift}
   797 | D        | Identified the +12 glaive "Laocab" {vorpal, *Corrode +Fly
                  | rF+ Int+4} (Trog gifted it to you in the Dungeon)
   920 | D        | Noticed a four-headed hydra
   920 | D        | Noticed a black mamba
   920 | D        | Noticed a polar bear
   924 | D        | Killed a polar bear
   928 | D        | Killed a black mamba
   933 | D        | Killed a four-headed hydra
   933 | D        | Reached skill level 15 in Maces & Flails
   947 | D        | Received a gift from Trog
   949 | D        | Reached skill level 16 in Maces & Flails
   949 | D        | Reached XP level 10. HP: 103/103 MP: 10/10
  1018 | D        | Noticed a lindwurm
  1018 | D        | Noticed a lindwurm
  1018 | D        | Noticed a lindwurm
  1029 | D        | Killed a lindwurm
  1031 | D        | Killed a lindwurm
  1031 | D        | Reached skill level 1 in Evocations
  1035 | D        | Killed a lindwurm
  1042 | D        | Received a gift from Trog
  1300 | D        | Noticed Erica
  1312 | D        | Killed Erica
  1312 | D        | Reached skill level 17 in Maces & Flails
  1467 | D        | Noticed Grum
  1480 | D        | Killed Grum
  1548 | D        | Received a gift from Trog
  1566 | D        | Noticed an ettin
  1582 | D        | HP: 5/108 [ettin/+0 dire flail (2)]
  1582 | D        | Slain by an ettin

Illustrated notes

Levels and vault maps discovered:
D:        linesprint [early_d, line_temple, items_1, d_10, items_2, lair_1,
          lair_end, items_3, orc_1, orc_end, items_4, d_15, swamp_1, shoals_1,
          snake_1, spider_1, d_20, vaults_1, items_5, swamp_end, shoals_end,
          snake_end, spider_end, vaults_end, d_27, items_6, zot_1, zot_end,
          crypt_end, forest_end, elf_end, slime_end, tomb_end, abyss_end,
          pan_hell_end]

Skill      XL: |  1  2  3  4  5  6  7  8  9 10 |
---------------+-------------------------------+-----
Fighting       | 4 6 7 8 9 10 11 13 | 13.4
Maces & Flails | 5 7 9 11 12 14 16 17 | 17.5
Armour         | 2 3 4 5 6 7 |  7.0
Dodging        | 2 3 4 5 6 7 |  7.2
Stealth        | 1 2 3 4 |  4.6
Evocations     | 1 |  1.2

Action                   |  1- 3 |  4- 6 |  7- 9 | 10-12 || total
-------------------------+-------+-------+-------+-------++-------
Melee: Mace              |    26 |       |       |       ||    26
       Tailslap          |     4 |     1 |    11 |    13 ||    29
       Dire flail        |     4 |    25 |    56 |    82 ||   167
Invok: Berserk           |     2 |     1 |     3 |     2 ||     8
Evoke: Wand              |       |     1 |       |       ||     1
  Use: Potion            |       |       |       |     1 ||     1
Armor: Animal skin       |     8 |       |       |       ||     8
       Ring mail         |       |    14 |    10 |    24 ||    48
Dodge: Dodged            |    13 |    10 |    18 |    19 ||    60

Table legend: (Time is in decaauts)
 A = Elapsed time spent in this place.
 B = Non-inter-level travel time spent in this place.
 C = Inter-level travel time spent in this place.
 D = Time resting spent in this place.
 E = Time spent auto-exploring this place.
 F = Levels seen in this place.
 G = Mean time per level.
                   A        B        C        D        E       F      G
               +--------+--------+--------+--------+--------+-----+--------+
         Total |   1579 |   1579 |      0 |    983 |     93 |   1 | 1579.0 |
       Dungeon |   1579 |   1579 |      0 |    983 |     93 |   1 | 1579.0 |
               +--------+--------+--------+--------+--------+-----+--------+

Top non-repeatable levels by time:
       D: 1579 daAuts
